 Dungeon Crawl Stone Soup version 0.18-a0-1637-g109f206 (webtiles) character file.

29 Duffy the Firebug (level 3, -2/19 HPs)
             Began as a Deep Elf Fire Elementalist on Mar 26, 2016.
             Slain by an orc priest (5 damage)
             ... on level 4 of the Dungeon.
             The game lasted 00:01:20 (905 turns).

Duffy the Firebug (Deep Elf Fire Elementalist)       Turns: 905, Time: 00:01:21

Health: -2/19      AC:  2    Str:  5    XL:     3   Next: 1%
Magic:  2/9        EV: 13    Int: 21    God:
Gold:   89         SH:  0    Dex: 16    Spells: 1 memorised, 7 levels left

rFire  . . .     SeeInvis .     r - staff of poison
rCold  . . .     Gourm    .     h - +0 robe {MR+}
rNeg   . . .     Faith    .     (no shield)
rPois  +         Spirit   .     (no helmet)
rElec  .         Dismiss  .     (no cloak)
rCorr  .         Reflect  .     (no gloves)
SustAt .         Harm     .     (no boots)
MR     +....                    (no amulet)
Stlth  ++........               (no ring)
                                d - +2 ring of intelligence

@: very slightly contaminated, somewhat resistant to hostile enchantments,
unstealthy
A: no striking features
a: no special abilities


You were on level 4 of the Dungeon.
You were not hungry.

You visited 1 branch of the dungeon, and saw 4 of its levels.

You collected 89 gold pieces.


   Skills:
 - Level 2.4 Dodging
 - Level 2.4 Stealth
 - Level 3.0 Spellcasting
 + Level 3.2 Conjurations
 + Level 3.3 Fire Magic


You had 7 spell levels left.
You knew the following spells:

 Your Spells              Type           Power        Failure   Level  Hunger
a - Flame Tongue          Conj/Fire      ###..        3%          1    None

Inventory:

Hand Weapons
 n - a +0 rapier
Armour
 a - a +0 robe
 h - a +0 robe of magic resistance (worn)
Magical Staves
 r - an uncursed staff of poison (weapon)
Jewellery
 d - a +2 ring of intelligence (left hand)
Scrolls
 e - 2 scrolls of amnesia {unknown}
 i - 3 scrolls of teleportation {unknown}
 p - a scroll of identify {unknown}
 q - a scroll of fog {unknown}
Potions
 f - a potion of curing {unknown}
 g - a potion of mutation {unknown}
 j - 2 potions of brilliance {unknown}
 m - a potion of haste {unknown}
Books
 b - a book of Flames
Comestibles
 c - 2 bread rations
 k - 2 beef jerkies
 l - a royal jelly
 o - a slice of pizza

Dungeon Overview and Level Annotations

Branches:
Dungeon (3/15)

Altars:


Message History

Press: ? - help, Shift-Dir - straight line, f - orc
Aim: an orc, wielding a flail and wearing a ring mail The flame tongue misses the orc.
The orc closely misses you.
Cast which spell? (? or * to list)
Aiming: Flame Tongue
Press: ? - help, Shift-Dir - straight line, f/p - orc
Aim: an orc, wielding a flail and wearing a ring mail You miscast Flame Tongue.
You are very lightly contaminated with residual magic.
You feel a strange surge of energy!
Cast which spell? (? or * to list)
Aiming: Flame Tongue
Press: ? - help, Shift-Dir - straight line, f/p - orc
Aim: an orc, wielding a flail and wearing a ring mail The flame tongue hits the orc.
You kill the orc!
You have reached level 3!
Your experience leads to an increase in your attributes!
Your base attributes are Str 5, Int 19, Dex 15.
Increase (S)trength, (I)ntelligence, or (D)exterity?
You feel agile.
The orc shouts!
You hear a bark!
The orc priest mumbles some strange prayers to Beogh against you.
Pain shoots through your body!
Ouch! That really hurt!
The orc priest mumbles some strange prayers to Beogh against you.
You resist with some effort.
Cast which spell? (? or * to list)
Aiming: Flame Tongue
Press: ? - help, Shift-Dir - straight line, f - orc priest
Aim: an orc priest, wearing a ring mail The flame tongue hits the orc priest.
The orc priest is lightly wounded.
The orc priest hits you.
You die...

#######
#.....#
#.....#
#.....#
#)o...#
#@oo..#
###.###
#.# .o.
o### o
(.


You could see 2 orc priests and an orc.

Action                   || total
-------------------------++-------
 Cast: Flame Tongue      ||    35

Notes
Turn   | Place    | Note
--------------------------------------------------------------
     0 | D:1      | Duffy the Deep Elf Fire Elementalist began the quest for the Orb.
     0 | D:1      | Reached XP level 1. HP: 10/10 MP: 6/6
   256 | D:1      | Reached skill level 2 in Conjurations
   471 | D:2      | Reached XP level 2. HP: 15/15 MP: 0/8
   701 | D:3      | Reached skill level 3 in Conjurations
   897 | D:3      | You fall through a shaft!
   904 | D:4      | Reached XP level 3. HP: 13/19 MP: 3/9
   905 | D:4      | Slain by an orc priest

Vault maps used:
D:1:      wheals_arrival_linesprint, minivault_24, serial_bayou_lagoon_a,
          serial_bayou_pond_e, minmay_misc_feat_columns, minivault_5
D:2:      hangedman_decor_push, minmay_fountain_box
D:3:      first_bread, bloody_trog
D:4:      minmay_temple_entry_large_hall, portal_sewer_entry_b

Vanquished Creatures
  An adder
  3 orcs
  2 giant cockroaches
  A goblin
  3 hobgoblins
  2 bats
  A giant newt
  3 kobolds
  A rat
17 creatures vanquished.
